 Dungeon Crawl Stone Soup version 0.19.4-9-g45fd643 (webtiles) character file.

28 Gargoyl the Skirmisher (level 3, -6/33 HPs)
             Began as a Ghoul Abyssal Knight on Feb 20, 2017.
             Was a Follower of Lugonu.
             Mangled by Sigmund
             ... wielding a +0 scythe
              (7 damage)
             ... on level 2 of the Dungeon.
             The game lasted 00:02:59 (1191 turns).

Gargoyl the Skirmisher (Ghoul Abyssal Knight)       Turns: 1191, Time: 00:03:00

Health: -6/33      AC:  5    Str: 15    XL:     3   Next: 12%
Magic:  3/3        EV: 10    Int:  7    God:    Lugonu [*.....]
Gold:   76         SH:  0    Dex:  9    Spells: 0 memorised, 2 levels left

rFire  . . .     SeeInvis .     a - +1 hand axe
rCold  + . .     Gourm    .     l - +0 ring mail
rNeg   + + +     Faith    .     (no shield)
rPois  ∞         Spirit   .     (no helmet)
rElec  .         Reflect  .     (no cloak)
rCorr  .         Harm     .     (no gloves)
MR     +....                    (no boots)
Stlth  ..........               (no amulet)
                                (no ring)
                                e - ring of protection from magic

@: rotting
A: rotting body, claws 1, carnivore 3, cold resistance 1, negative energy
resistance 3, slow regeneration 1, torment resistance, unbreathing
a: Depart the Abyss, Renounce Religion


You were on level 2 of the Dungeon.
You worshipped Lugonu.
Lugonu was aware of your devotion.
You were not hungry.

You visited 1 branch of the dungeon, and saw 2 of its levels.
You visited the Abyss 1 time.

You collected 76 gold pieces.

Inventory:

Hand Weapons
 a - a +1 hand axe (weapon)
Armour
 l - a +0 ring mail (worn)
Jewellery
 e - a ring of protection from magic (left claw)
Scrolls
 f - 2 scrolls of identify
Potions
 j - a potion of haste {unknown}
Comestibles
 c - a meat ration
 h - a beef jerky


   Skills:
 + Level 3.7 Fighting
 + Level 2.0 Axes
 * Level 2.2 Armour
 + Level 1.1 Dodging
 * Level 2.4 Invocations


You had 2 spell levels left.
You didn't know any spells.

Dungeon Overview and Level Annotations

Branches:
Dungeon (2/15)

Altars:

Annotations:
D:2 Sigmund


Innate Abilities, Weirdness & Mutations

Your body is rotting away.
You thrive on raw meat.
You are immune to poison.
You have sharp fingernails.
You are carnivorous and can eat meat at any time.
Your flesh is cold resistant. (rC+)
You are immune to negative energy. (rN+++)
You regenerate slowly when monsters are visible.
You are immune to unholy pain and torment.
You can survive without breathing.


Message History

You hit the dart slug. The dart slug barely misses you.
Sigmund closely misses you.
Unknown command.
You hit Sigmund.
Sigmund is almost dead.
You hit the dart slug but do no damage. The dart slug closely misses you.
Unknown command.
You completely miss Sigmund.
Sigmund is almost dead.
You hit the dart slug.
Sigmund points at you and mumbles some strange words.
The puff of flame hits you!
The dart slug bites you but does no damage.
Sigmund gestures at you while chanting. The puff of flame hits you!
* * * LOW HITPOINT WARNING * * *
It was a potion of lignification.
You feel woody for a moment.
The dart slug bites you but does no damage.
Sigmund hits you with a scythe!
You die...

#... #...##
+....# #....#
#....# #....#
#...@# #...@#
######w#.####
#.............
###.####.#(#####
#...# ...#.#
#.### #..# # #.#
#..# #.# #..#
#.# #..#


You could see Sigmund and a dart slug.

Vanquished Creatures
  A leopard gecko (D:1)
  5 bats (D:1)
  A giant cockroach (D:1)
  4 goblins
  3 hobgoblins (D:1)
  5 kobolds (D:1)
  A frilled lizard (D:1)
  4 rats
24 creatures vanquished.

Notes
Turn   | Place    | Note
-------+----------+-------------------------------------------
     0 | Abyss:1  | Gargoyl the Ghoul Abyssal Knight began the quest for the Orb.
     0 | Abyss:1  | Reached XP level 1. HP: 19/19 MP: 1/1
     3 | Abyss:1  | Found a corrupted altar of Lugonu.
     8 | Abyss:1  | Found a corrupted altar of Lugonu.
    71 | Abyss:1  | Noticed a large abomination
    85 | Abyss:1  | Noticed a large abomination
    92 | D:1      | Escaped the Abyss
   118 | D:1      | Reached * piety under Lugonu
   217 | D:1      | Reached skill level 1 in Dodging
   217 | D:1      | Reached XP level 2. HP: 18/26 MP: 2/2
   927 | D:1      | Reached XP level 3. HP: 27/33 MP: 3/3
  1174 | D:2      | Noticed Sigmund
  1190 | D:2      | HP: 1/33 [Sigmund/puff of flame (9)]
  1191 | D:2      | Mangled by Sigmund

Skill      XL: |  1  2  3 |
---------------+----------+-----
Dodging        | 1 |  1.1
Armour         | 2 |  2.2
Axes           | 2 |  2.0
Fighting       | |  3.7
Invocations    | |  2.4

Action                   || total
-------------------------++-------
Melee: Hand axe          ||    73
Invok: Depart the Abyss  ||     1
  Use: Scroll            ||     6
       Potion            ||     3
  Eat: Chunk             ||     6
Armor: Leather armour    ||    17
       Ring mail         ||    17
Dodge: Dodged            ||    57
